 Dungeon Crawl Stone Soup version 0.25.1-2-g60ff931df9 (webtiles) character file.

Game seed: 2587458797812375261

425 Revguard the Slasher (level 6, -5/46 HPs)
             Began as a Demonspawn Gladiator on Aug 2, 2020.
             Was an Initiate of Nemelex Xobeh.
             Slain by Menkaure (8 damage)
             ... on level 4 of the Dungeon.
             The game lasted 00:10:37 (3197 turns).

Revguard the Slasher (Demonspawn Gladiator)         Turns: 3197, Time: 00:10:37

Health: -5/46      AC: 11    Str: 15    XL:     6   Next: 64%
Magic:  0/7        EV: 12    Int:  9    God:    Nemelex Xobeh [......]
Gold:   174        SH:  0    Dex: 16    Spells: 5/5 levels left

rFire    + . .     SeeInvis .   a - +0 long sword
rCold    . . .     Gourm    .   (no shield)
rNeg     . . .     Faith    .   m - +0 ring mail {rF+}
rPois    .         Spirit   +   p - +1 helmet
rElec    .         Reflect  .   n - +0 cloak
rCorr    .         Harm     .   (no gloves)
MR       .....     Rnd*Rage +   (no boots)
Stlth    +.........             g - amulet of regeneration (curse)
HPRegen  0.55/turn              (no ring)
MPRegen  0.10/turn              (no ring)

@: no status effects
A: slimy green scales 2, berserk 1, blink, sense surroundings 1, magic shield,
MP-powered wands
a: Blink, Draw Escape, Draw Destruction, Draw Summoning, Renounce Religion


You were on level 4 of the Dungeon.
You worshipped Nemelex Xobeh.
Nemelex Xobeh was noncommittal.
You were not hungry.

You visited 1 branch of the dungeon, and saw 4 of its levels.

You collected 174 gold pieces.

Inventory:

Hand Weapons
 a - a +0 long sword (weapon)
Missiles
 d - 3 throwing nets (quivered)
 j - 8 poisoned darts
Armour
 c - a +0 helmet
 m - a +0 ring mail of fire resistance (worn)
 n - a +0 cloak (worn)
 p - a +1 helmet (worn)
Jewellery
 g - a cursed amulet of regeneration (around neck)
Wands
 l - a wand of random effects (12)
 o - a wand of flame (6)
Scrolls
 b - 2 scrolls of enchant armour {unknown}
 e - a scroll of blinking {unknown}
 h - 4 scrolls of remove curse {unknown}
Potions
 k - a potion of curing
Comestibles
 f - 3 rations
 i - 20 chunks of flesh


   Skills:
 + Level 2.9 Fighting
 + Level 4.8 Long Blades
 + Level 2.3 Throwing
 + Level 2.1 Armour
 + Level 3.5 Dodging
 + Level 0.2 Stealth
 * Level 2.2 Invocations
 * Level 1.1 Evocations


You had 5 spell levels left.
You didn't know any spells.
Your spell library was empty.

Dungeon Overview and Level Annotations

Branches:
Dungeon (4/15)
 Temple: D:4-7

Altars:
Elyvilon
Gozag
Nemelex Xobeh
Ru
Vehumet

Annotations:
D:4 Menkaure


Innate Abilities, Weirdness & Mutations

You are mostly covered in slimy green scales. (AC +3)
When hurt, damage is shared between your health and your magic reserves.
You tend to lose your temper in combat.
You can translocate small distances at will.
You passively map a small area around you.
You expend magic power (3 MP) to strengthen your wands.


Message History

* * * LOW HITPOINT WARNING * * *
You draw a card...
You have drawn the Orb.
Press: ? - help, Shift-Dir - straight line, f - Menkaure
Aim: Menkaure (moderately damaged, fast)
The wavering orb of destruction weakly hits the worker ant!
The worker ant is heavily wounded.
The wavering orb of destruction weakly hits Menkaure!
Menkaure is heavily damaged.
Menkaure calls on the powers of darkness!
The worker ant convulses!
Your body is wracked with pain!
* * * LOW HITPOINT WARNING * * *
Your orb of destruction hits a rock wall.
The worker ant bites you.
* * * LOW HITPOINT WARNING * * *
You fail to use your ability.
Your orb of destruction hits a rock wall. x2
Menkaure hits you!
You die...
Your body disappears without a glow.

.#####.#### #.# * * #.#
#.# , #.# #.# #.# #.#
##.## #.## *, ##...##
#..# ###
#####○..○○########.#....
......°.○.....)÷)))#....
.#.##..@○.##<####÷).....
#.....aM.###.# #..##...
, * ##.#....## #.#
#..##.#. ........# #.#
#....... * ##.......
*#.# #.##.... .........
#.####.##.... .#.......
#............ *
##.....## #####.###.#..
, #.# #.#


You could see Menkaure (fast) and a worker ant.

Vanquished Creatures
  An ogre (D:4)
  An orc wizard (D:2)
  A bullfrog skeleton (D:3)
  Ijyb (D:3)
  Natasha (twice) (D:3)
  Robin (D:4)
  6 adders (D:3)
  4 worms
  A leopard gecko (D:2)
  6 orcs
  17 giant cockroaches
  20 goblins
  14 hobgoblins
  5 jackals
  11 kobolds
  3 quokkas
  2 ball pythons (D:2)
  12 bats
  8 frilled lizards
  7 rats
123 creatures vanquished.

Notes
Turn   | Place    | Note
-------+----------+-------------------------------------------
     0 | D:1      | Revguard the Demonspawn Gladiator began the quest for the
                  | Orb.
     0 | D:1      | Reached XP level 1. HP: 16/16 MP: 1/1
    84 | D:1      | Gained mutation: You are partially covered in slimy green
                  | scales. (AC +2) [demonic ancestry]
    84 | D:1      | Reached XP level 2. HP: 15/22 MP: 2/2
   419 | D:1      | Reached skill level 3 in Long Blades
   642 | D:1      | Gained mutation: You are mostly covered in slimy green
                  | scales. (AC +3) [demonic ancestry]
   642 | D:1      | Reached XP level 3. HP: 26/27 MP: 3/3
  1018 | D:2      | Found an opulent altar of Gozag.
  1174 | D:2      | Found a sacrificial altar of Ru.
  1202 | D:2      | Reached skill level 1 in Armour
  1202 | D:2      | Gained mutation: When hurt, damage is shared between your
                  | health and your magic reserves. [demonic ancestry]
  1202 | D:2      | Reached XP level 4. HP: 28/34 MP: 4/4
  1704 | D:2      | Found a white marble altar of Elyvilon.
  1943 | D:2      | Gained mutation: You tend to lose your temper in combat.
                  | [potion of mutation]
  1943 | D:2      | Gained mutation: You passively map a small area around you.
                  | [potion of mutation]
  1943 | D:2      | Gained mutation: You expend magic power (3 MP) to
                  | strengthen your wands. [potion of mutation]
  1943 | D:2      | Gained mutation: You can translocate small distances at
                  | will. [potion of mutation]
  1983 | D:3      | Found a sparkling altar of Nemelex Xobeh.
  2009 | D:3      | Became a worshipper of Nemelex Xobeh the Trickster
  2106 | D:3      | Noticed Ijyb
  2122 | D:3      | Killed Ijyb
  2122 | D:3      | Reached skill level 4 in Long Blades
  2122 | D:3      | Reached XP level 5. HP: 39/39 MP: 5/5
  2133 | D:3      | Received a gift from Nemelex Xobeh
  2268 | D:3      | Noticed Natasha
  2273 | D:3      | Killed Natasha
  2503 | D:3      | Found a faded altar of an unknown god.
  2572 | D:3      | Reached skill level 1 in Invocations
  2662 | D:3      | Reached XP level 6. HP: 46/46 MP: 7/7
  2915 | D:3      | Noticed Natasha
  2926 | D:3      | Killed Natasha
  3022 | D:4      | Noticed Robin
  3044 | D:4      | Killed Robin
  3051 | D:4      | Found a radiant altar of Vehumet.
  3135 | D:4      | Reached skill level 1 in Evocations
  3189 | D:4      | Noticed Menkaure
  3197 | D:4      | Slain by Menkaure

Illustrated notes

Levels and vault maps discovered:
D:1:      psy_arrival_statuary, layout_basic
D:2:      minmay_roachtagon, layout_basic, elyvilon_altar_5,
          nicolae_ru_great_annihilating_truth, nicolae_overflow_crystal_walls
D:3:      layout_loops_corners, lemuel_round_altar,
          chequers_ecumenical_altar_simple, uniq_ijyb, uniq_natasha
D:4:      layout_loops_ring, vehumet_altar_wand_db, first_ration,
          nemelex_spade_bored_becter, uniq_grinder, uniq_menkaure, uniq_robin

Skill      XL: |  1  2  3  4  5  6 |
---------------+-------------------+-----
Dodging        | 3 |  3.5
Long Blades    | 3 4 |  4.8
Armour         | 1 2 |  2.1
Throwing       | 2 |  2.3
Invocations    | 1 2 |  2.2
Evocations     | 1 |  1.1
Fighting       | |  2.9
Stealth        | |  0.2

Action                   |  1- 3 |  4- 6 || total
-------------------------+-------+-------++-------
Melee: Long sword        |   120 |   250 ||   370
Invok: Draw Destruction  |       |     1 ||     1
  Use: Scroll            |       |     3 ||     3
       Potion            |       |     2 ||     2
 Stab: Paralysed         |     1 |       ||     1
  Eat: Chunk             |     1 |     7 ||     8
Armor: Ring mail         |    96 |   125 ||   221
Dodge: Dodged            |   145 |   214 ||   359
       Rpst.: Long sword |    43 |    71 ||   114
